 Dungeon Crawl Stone Soup version 0.30.0-29-ga12c61a403 (webtiles) character file.

Game seed: 6540198783418393209

23507 monsoonserge the Thaumaturge (level 13, -1/85 HPs)
             Began as a Djinni Venom Mage on June 26, 2023.
             Was an Initiate of Gozag.
             Slain by a minotaur
             ... wielding the +0 battleaxe of Dismay {heavy, Fly Will++ Int+3 Stlth-}
              (10 damage)
             ... in a Gauntlet.
             The game lasted 01:14:17 (15615 turns).

monsoonserge the Thaumaturge (Djinni Venom Mage)   Turns: 15615, Time: 01:14:21

Health: -1/85      AC:  8    Str:  7    XL:     13   Next: 35%
Gold:   1624       EV: 21    Int: 21    God:    Gozag SH:  2 Dex: 15

rFire   + + .        b - +2 long sword (vamp)
rCold   x . .        (no shield)
rNeg    . . .        F - +0 steam dragon scales
rPois   ∞            v - +0 helmet
rElec   .            (no cloak)
rCorr   .            (no gloves)
SInv    .            (boots unavailable)
Will    +++..        X - amulet "Ryofu" {Acrobat Will++}
Stlth   ++           C - ring of the Octopus King {HP+2 MP+9 AC+2 EV+2 SH+2}
HPRegen 0.34/turn    l - +5 ring of evasion
MPRegen 0.00/turn

%: no teleportation, acrobat, infuse magic (-2 HP)
@: flying
A: sickness immunity, fire resistance 2, cold vulnerability 1, float, innate
caster, HP casting, extra vitality 1
a: Renounce Religion, Potion Petition, Call Merchant, Bribe Branch


You were in a Gauntlet.
You worshipped Gozag.
Gozag was most pleased with you.
You visited 3 branches of the dungeon, and saw 17 of its levels.
You also visited: Ossuary and Gauntlet.

You collected 1940 gold pieces.
You spent 108 gold pieces at shops.
You paid 208 gold pieces to Gozag.

Inventory:

Hand Weapons
 a - a +2 arbalest of flaming
 b - a +2 vampiric long sword (weapon)
 K - a +3 long sword of freezing
Missiles
 m - 4 curare-tipped darts
 y - 12 poisoned darts (quivered)
 T - 9 javelins
Armour
 v - a +0 helmet (worn)
 F - +0 steam dragon scales (worn)
Jewellery
 f - a +4 ring of protection
 l - a +5 ring of evasion (right hand)
 C - a ring of the Octopus King (left hand) {HP+2 MP+9 AC+2 EV+2 SH+2}
   (You found it in a Gauntlet)

   [ring of magical power]

   AC:        It affects your AC (+2).
   EV:        It affects your evasion (+2).
   HP:        It affects your health (+2).
   MP:        It affects your magic capacity (+9).
   SH:        It affects your SH (+2).
 X - the amulet "Ryofu" (around neck) {Acrobat Will++}
   (You found it in a Gauntlet)

   [amulet of the acrobat]

   It increases your evasion while moving and waiting.
   Will:      It greatly increases your willpower.
Wands
 D - a wand of charming (2)
 L - a wand of digging (7)
 P - a wand of flame (4)
 U - a wand of mindburst (12)
 V - a wand of polymorph (4)
Scrolls
 e - a scroll of immolation {unknown}
 g - 4 scrolls of vulnerability {unknown}
 i - a scroll of magic mapping {unknown}
 n - a scroll of poison {unknown}
 r - 4 scrolls of noise {unknown}
 s - 13 scrolls of identify
 A - 2 scrolls of brand weapon {unknown}
 B - 5 scrolls of fog {unknown}
 E - a scroll of blinking {unknown}
 G - 5 scrolls of teleportation {unknown}
 I - 3 scrolls of fear {unknown}
 J - 2 scrolls of enchant weapon {unknown}
 M - a scroll of silence {unknown}
 S - a scroll of amnesia {unknown}
 W - 2 scrolls of enchant armour {unknown}
Potions
 c - 3 potions of heal wounds
 d - 3 potions of brilliance
 h - 5 potions of might {unknown}
 j - 2 potions of flight {unknown}
 k - 6 potions of attraction {unknown}
 p - 2 potions of resistance {unknown}
 q - 3 potions of haste {unknown}
 t - 2 potions of ambrosia {unknown}
 u - 3 potions of cancellation {unknown}
 w - 8 potions of curing {unknown}
 x - 3 potions of lignification {unknown}
 z - a potion of invisibility {unknown}
 N - 2 potions of magic {unknown}
 O - 4 potions of berserk rage {unknown}
 Q - 2 potions of mutation
 R - a potion of degeneration {unknown}
Miscellaneous
 o - a phial of floods


   Skills:
 + Level 3.8 Fighting
 + Level 5.8 Long Blades
 + Level 1.7(1.8) Axes
 - Level 0.6(1.3) Maces & Flails
 + Level 1.4 Ranged Weapons
 - Level 1.5 Armour
 + Level 5.7 Dodging
 - Level 2.0 Stealth
 * Level 14.8 Spellcasting
 + Level 2.0 Evocations


You knew the following spells:

 Your Spells              Type           Power      Damage    Failure   Level
a - Sting                 Tmut/Pois      100%       1d8       0%          1
b - Poisonous Vapours     Pois/Air       100%       N/A       0%          2
c - Mephitic Cloud        Conj/Pois/Air  67%        N/A       1%          3
d - Olgreb's Toxic Radia  Pois           67%        N/A       1%          4
e - Magic Dart            Conj           100%       1d8       0%          1
f - Static Discharge      Conj/Air       100%       2-7/arc   0%          2
g - Dazzling Flash        Conj/Hex       100%       N/A       1%          3
h - Call Canine Familiar  Summ           67%        N/A       1%          3
i - Lee's Rapid Deconstr  Erth           33%        3d17*     1%          5
j - Yara's Violent Unrav  Hex/Tmut       33%        3d14      1%          5
Your spell library was empty.

Dungeon Overview and Level Annotations

Branches:
Dungeon (13/15)            Temple (1/1) D:5            Lair (3/5) D:8
  Swamp (0/4) Lair:3       Spider (0/4) Lair:3          Orc (0/2) D:10
Ossuary (visited)         Gauntlet (1/1)
 Vaults: D:13-14

Altars:
Ashenzari
Cheibriados
Dithmenos
Elyvilon
Fedhas
Gozag
Hepliaklqana
Makhleb
Nemelex Xobeh
Okawaru
Qazlal
Ru
Trog
Uskayaw
Wu Jian
Xom
Yredelemnul
Zin
The Shining One

Shops:
D:3 =   D:6 !

Portals:
Abyss: D:7
Trove: D:11 (give horn of Geryon)

Annotations:
D:3 1 runed translucent door, GloriousHammer's ghost, amateur AtBe
D:7 2 transporters, Drain's ghost, novice BaHs Gauntlet 6 transporters, 2 runed translucent doors


Innate Abilities, Weirdness & Mutations

You are immune to sickness and miasma.
You are immune to poison.
Your flesh is very heat resistant. (rF++)
You are vulnerable to cold. (rC-)
You float through the air rather than walking.
You learn spells naturally, not from books.
Your magical power is your life essence.
You have superior vitality. (+4 MHP)


Message History

The minotaur misses you.
The minotaur hits your warg with the +0 battleaxe of Dismay {heavy, Fly Will++ Int+3 Stlth-}!!
The minotaur gores you!
Press: ? - help, v - describe, . - travel
Here: a minotaur, wielding the +0 battleaxe of Dismay {heavy, Fly Will++ Int+3 Stlth-}, wearing a +0 chain mail and quivering javelins (noxious fumes, moderately wounded, very poisoned, ally target)
The floor.
Casting: Mephitic Cloud (safe; 1% risk of failure)
Confirm with . or Enter, or press ? or * to list all spells.
Okay, then.
Casting: Mephitic Cloud (safe; 1% risk of failure)
Confirm with . or Enter, or press ? or * to list all spells.
Aiming: Sting (safe; 0% risk of failure)
Press: ? - help, Shift-Dir - straight line, f/p - minotaur
Aim: a minotaur, wielding the +0 battleaxe of Dismay {heavy, Fly Will++ Int+3 Stlth-}, wearing a +0 chain mail and quivering javelins (noxious fumes, moderately wounded, very poisoned, ally target, 87% to hit)
The sting hits the minotaur but does no damage.
The minotaur looks as sick as possible!
The minotaur is moderately wounded.
Your warg bites the minotaur but does no damage.
Your warg bites the minotaur.
The minotaur is engulfed in noxious fumes.
The minotaur appears confused.
You block the minotaur's attack.
The minotaur completely misses your warg.
The minotaur gores you!
You slash the minotaur!
The minotaur is heavily wounded.
Your warg bites the minotaur.
Unknown command.
You hit the minotaur.
You feel better.
The minotaur is severely wounded.
Your warg bites the minotaur!
The minotaur is engulfed in noxious fumes.
The minotaur appears confused.
The minotaur hits you with the +0 battleaxe of Dismay {heavy, Fly Will++ Int+3 Stlth-}!!!
* * * LOW HITPOINT WARNING * * *
The minotaur hits your warg with the +0 battleaxe of Dismay {heavy, Fly Will++ Int+3 Stlth-}!!
Your warg is killed!
Your warg's corpse disappears in a puff of smoke!
The minotaur gores you!
You die...
Your body crumbles into a pile of gold.

#....##...##≈.##.'##
#.##.##.⌠.###.#§.#©#
#.##......##..##"##+ #
#.##.##.⌠.#...###... #≈
#.#....##...#.∩.###...
#≈≈.#.#.##.##.©.#...######
#≈∩.H.'.##......#.⌠.....#.
#§##.##.©.#...######
#§H@.##...#.∩.###2..
#☼##.##.⌠.#...####.#
#.##......##..#).^.#
#.##.##.⌠.###.#©#.©.
#....##...##≈.#[##.^
#######.⌠.#≈≈.#?##.#
##≈.#..... ##.######
#≈.......


You could see a minotaur (confused, very poisoned).

Vanquished Creatures
  A vault guard (D:11)
  A boulder beetle (D:11)
  2 two-headed ogres
  A fire crab (Gauntlet)
  A death drake (Gauntlet)
  2 bog bodies (Lair:3)
  An ugly thing (D:11)
  A wolf spider zombie (Gauntlet)
  A spectral centaur (Gauntlet)
  A cyclops (D:12)
  5 slime creatures (D:12)
  2 black mambas
  A centaur zombie (Gauntlet)
  A rime drake (Lair:3)
  A cane toad (Lair:3)
  2 komodo dragons
  An unseen horror (D:11)
  Grinder (D:5)
  4 hornets
  2 blink frogs (Lair:1)
  Sigmund (D:3)
  A culicivora (Lair:3)
  5 jumping spiders (Lair:3)
  5 wyverns
  2 wraiths
  11 yaks
  3 fire bats (Gauntlet)
  4 steam dragons
  4 redbacks (Lair:3)
  8 vampire mosquitoes
  2 acid dragons
  2 water moccasins (Lair:3)
  2 sky beasts (D:7)
  An orc warrior (D:9)
  A black bear (D:8)
  5 centaurs
  An ogre (D:5)
  A kobold brigand (D:7)
  5 bullfrogs
  A gnoll sergeant (D:10)
  2 scorpions
  A wight (D:7)
  3 killer bees (D:9)
  9 howler monkeys
  3 jellies
  3 orc priests
  2 hounds (D:5)
  A sleepcap (D:5)
  2 orc wizards
  3 iguanas
  10 hell rats
  A mummy (Ossuary)
  Robin (D:2)
  5 gnolls (D:10)
  3 adders
  An ufetubus (D:5)
  A dart slug (D:3)
  13 orcs
  11 bats
  4 endoplasms
  5 giant cockroaches
  17 goblins
  5 hobgoblins
  4 jackals (D:2)
  7 kobolds
  3 quokkas
  9 ball pythons
  3 frilled lizards
  A hobgoblin zombie (Ossuary)
  3 jackal zombies (Ossuary)
  6 kobold zombies (Ossuary)
  8 orc zombies (Ossuary)
  5 rats
  3 rat zombies (Ossuary)
255 creatures vanquished.

Vanquished Creatures (collateral kills)
  Erolcha (D:11)
  A black mamba (Lair:2)
  A komodo dragon (Lair:1)
  2 blink frogs (Lair:1)
  A vampire (D:12)
  3 yaks (Lair:2)
  2 shadows
  3 water moccasins
  A black bear (Lair:1)
  An elf zombie (Ossuary)
  2 bullfrogs (Lair:1)
  2 wights (D:7)
  A howler monkey (D:8)
  An orc priest (D:7)
  A jelly (D:7)
  A hound (D:7)
  3 hell rats
  A mummy (Ossuary)
  2 adder zombies (Ossuary)
  An orc (D:7)
  A goblin zombie (Ossuary)
  7 hobgoblin zombies (Ossuary)
  2 kobold zombies (Ossuary)
  2 orc zombies (Ossuary)
43 creatures vanquished.

Grand Total: 298 creatures vanquished

Notes
Turn   | Place    | Note
-------+----------+-------------------------------------------
     0 | D:1      | monsoonserge the Djinni Venom Mage began the quest for the
                  | Orb.
     0 | D:1      | monsoonserge set off with the following spells memorised:
                  | Sting, Poisonous Vapours, Mephitic Cloud, Olgreb's Toxic
                  | Radiance.
     0 | D:1      | Reached XP level 1. HP: 15/15 MP: 0/0
    76 | D:1      | Reached XP level 2. HP: 20/21 MP: 0/0
   143 | D:1      | HP: 1/21 [hobgoblin (5)]
   470 | D:1      | Reached XP level 3. HP: 23/25 MP: 0/0
   470 | D:1      | Learned a level 1 spell: Magic Dart
   510 | D:1      | Reached skill level 3 in Spellcasting
   898 | D:2      | Reached XP level 4. HP: 21/31 MP: 0/0
  1199 | D:2      | Noticed Robin
  1207 | D:2      | Killed Robin
  1208 | D:2      | Reached XP level 5. HP: 25/35 MP: 0/0
  1208 | D:2      | Learned a level 2 spell: Static Discharge
  1594 | D:3      | Noticed Sigmund
  1676 | D:3      | Killed Sigmund
  1677 | D:3      | Reached skill level 4 in Spellcasting
  1677 | D:3      | Reached XP level 6. HP: 32/40 MP: 0/0
  1784 | D:3      | Found a glowing silver altar of Zin.
  1790 | D:3      | Found a snail-covered altar of Cheibriados.
  1790 | D:3      | Found a sacrificial altar of Ru.
  1794 | D:3      | Found a broken altar of Ashenzari.
  1795 | D:3      | Found a shimmering altar of Xom.
  1800 | D:3      | Became a worshipper of Ru the Awakened
  1953 | D:3      | Found Batakaisa's One-of-a-Kind Rings.
  2065 | D:3      | Found a runed translucent door.
  2065 | D:3      | Noticed GloriousHammer's ghost (amateur AtBe)
  3247 | D:4      | Reached skill level 5 in Spellcasting
  3484 | D:5      | Entered Level 5 of the Dungeon
  3507 | D:5      | Reached skill level 1 in Axes
  3559 | D:5      | Reached XP level 7. HP: 43/46 MP: 0/0
  3559 | D:5      | Learned a level 3 spell: Dazzling Flash
  3731 | D:5      | Noticed Grinder
  3746 | D:5      | Killed Grinder
  3747 | D:5      | Reached skill level 6 in Spellcasting
  3747 | D:5      | Reached XP level 8. HP: 8/51 MP: 0/0
  3917 | D:5      | Found a staircase to the Ecumenical Temple.
  3928 | Temple   | Entered the Ecumenical Temple
  4120 | D:5      | Reached skill level 1 in Fighting
  4514 | D:6      | Found a white marble altar of Elyvilon.
  4561 | D:6      | Found Baemp's Distillery.
  4566 | D:6      | Bought a potion of heal wounds for 60 gold pieces
  4566 | D:6      | Bought a potion of brilliance for 48 gold pieces
  4674 | D:6      | Reached skill level 1 in Armour
  5198 | D:7      | Reached skill level 7 in Spellcasting
  5447 | D:7      | Reached XP level 9. HP: 53/57 MP: 0/0
  5447 | D:7      | Learned a level 3 spell: Call Canine Familiar
  5474 | D:7      | Found a one-way gate to the infinite horrors of the Abyss.
  5474 | D:7      | Noticed Drain's ghost (novice BaHs)
  5484 | D:7      | Found a transporter.
  5494 | D:7      | Found a transporter.
  6005 | D:7      | Reached skill level 8 in Spellcasting
  6549 | D:8      | Noticed a two-headed ogre
  6580 | D:8      | Found a shadowy altar of Dithmenos.
  6701 | D:8      | Found a sand-covered staircase.
  6712 | Ossuary  | Entered an ossuary
  6896 | Ossuary  | Reached skill level 1 in Long Blades
  7155 | D:8      | Killed a two-headed ogre
  7156 | D:8      | Reached skill level 9 in Spellcasting
  7156 | D:8      | Reached XP level 10. HP: 28/65 MP: 0/0
  7368 | D:8      | Found a staircase to the Lair.
  7369 | D:8      | Noticed a komodo dragon
  7393 | D:8      | Killed a komodo dragon
  7761 | D:9      | Reached skill level 5 in Dodging
  7892 | D:9      | Reached skill level 5 in Long Blades
  8054 | D:9      | Found an opulent altar of Gozag.
  8071 | D:9      | Fell from the grace of Ru
  8071 | D:9      | Became a worshipper of Gozag Ym Sagoz the Greedy
  8362 | D:10     | Entered Level 10 of the Dungeon
  8377 | D:9      | Reached skill level 10 in Spellcasting
  8689 | D:10     | Reached skill level 1 in Evocations
  8766 | D:10     | Reached XP level 11. HP: 56/70 MP: 0/0
  8766 | D:10     | Learned a level 5 spell: Lee's Rapid Deconstruction
  8982 | D:10     | Reached skill level 1 in Ranged Weapons
  8998 | D:10     | Found a staircase to the Orcish Mines.
  9837 | D:11     | Noticed Erolcha
  9853 | D:11     | Killed Erolcha
  9854 | D:11     | Reached skill level 11 in Spellcasting
  9976 | D:11     | Noticed a purple ugly thing
  9984 | D:11     | Killed a purple ugly thing
  9984 | D:11     | Noticed a two-headed ogre
  9994 | D:11     | Killed a two-headed ogre
 10292 | D:11     | Noticed a boulder beetle
 10302 | D:11     | Killed a boulder beetle
 10383 | D:11     | Noticed a vault guard
 10396 | D:11     | Killed a vault guard
 10518 | D:11     | Found a portal to a secret trove of treasure.
 10595 | D:11     | Reached skill level 12 in Spellcasting
 11118 | D:12     | Reached XP level 12. HP: 67/76 MP: 0/0
 12280 | Lair:1   | Entered Level 1 of the Lair of Beasts
 12526 | Lair:1   | Reached skill level 13 in Spellcasting
 14606 | Lair:3   | Found a staircase to the Swamp.
 14720 | Lair:3   | Found a hole to the Spider Nest.
 14729 | Lair:3   | Reached skill level 14 in Spellcasting
 14729 | Lair:3   | Reached XP level 13. HP: 43/82 MP: 0/0
 14729 | Lair:3   | Learned a level 5 spell: Yara's Violent Unravelling
 14886 | Lair:3   | Found a gate leading to a gauntlet.
 14916 | Gauntlet | Entered a Gauntlet
 14916 | Gauntlet | Found a transporter.
 14916 | Gauntlet | Found a runed translucent door.
 14916 | Gauntlet | Found a transporter.
 14924 | Gauntlet | Found a transporter.
 14928 | Gauntlet | Found a transporter.
 14940 | Gauntlet | Found a transporter.
 14941 | Gauntlet | Found a transporter.
 14944 | Gauntlet | Found a runed translucent door.
 14946 | Gauntlet | Found a runed translucent door.
 14948 | Gauntlet | Found a transporter.
 14961 | Gauntlet | Noticed a green death
 14964 | Gauntlet | Found a transporter.
 14982 | Gauntlet | Found a transporter.
 14982 | Gauntlet | Found a transporter.
 14993 | Gauntlet | Found a transporter.
 14994 | Gauntlet | Found a transporter.
 14994 | Gauntlet | Found the ring of the Octopus King
 14998 | Gauntlet | Found a runed translucent door.
 15354 | Gauntlet | Identified a ring of the Octopus King {HP+2 MP+9 AC+2 EV+2
                  | SH+2}
 15577 | Gauntlet | Identified the amulet "Ryofu" {Acrobat Will++}
 15604 | Gauntlet | Identified the +0 battleaxe of Dismay {heavy, Fly Will++
                  | Int+3 Stlth-}
 15604 | Gauntlet | Noticed a minotaur
 15615 | Gauntlet | Slain by a minotaur

Illustrated notes

Levels and vault maps discovered:
D:1:      spicycebolla_arrival_ecumenical, layout_rooms,
          minmay_tree_intersection
D:2:      layout_basic, basic_altar, uniq_robin
D:3:      layout_basic, minitemple, gammafunk_ghost_grave,
          nicolae_shop_unique_rings, uniq_sigmund
D:4:      layout_loops_ring, serial_rivers, chequers_serial_rivers_large_b,
          chequers_serial_rivers_small_b, chequers_serial_rivers_marsh,
          chequers_serial_rivers_micro_c
D:5:      layout_cave_pools, minmay_temple_entry_statues,
          hangedman_abyss_or_decor_stagger, uniq_grinder
D:6:      layout_loops_ring, elyvilon_altar_4, serial_shops,
          nicolae_shop_just_a_little_nook, palyth_stone_intersect
D:7:      layout_cave_pods, gammafunk_ghost_abyssal_escape
D:8:      layout_loops_ring, mainiacjoe_overflow_surrounded_room,
          david_lair_shrubbed, enter_ossuary_1, corexii_hall_statues_s
D:9:      layout_cave_pools, nicolae_gozag_seed_capital, serial_park,
          serial_park_tiny_2, serial_park_tiny_1, serial_park_square1
          [serial_park_minivault_5x5_4], serial_park_tiny_pond
D:10:     layout_roguey, orc_0_dummy, serial_co_window_serial,
          co_window_of_opportunity_a, co_window_paths_a, co_window_corner_a,
          co_window_corner_a, co_window_corner_a, co_window_corner_ca,
          co_window_broadway_c, co_window_cross_2, co_window_broadway_a,
          glass_columns_a, glass_columns_b, glass_columns_b, glass_columns_a,
          glass_columns_b
D:11:     layout_cave_pods, enter_trove_5, uniq_erolcha
D:12:     layout_roguey
D:13:     layout_roguey, okawaru_metal_pillars_3, uniq_sonja, uniq_azrael
Temple:   nicolae_temple_x_marks_the_god
Lair:1:   layout_regular_city, eino_small_chamber_without_monster,
          infiniplex_staircase_pool_2, grunt_megastairs_4
Lair:2:   layout_hall_layers, serial_bayou_pond_c
Lair:3:   layout_long_grid, skrybe_swamp_entry_bodies,
          nicolae_spider_entry_tight_spaces, gauntlet_entry_generic,
          eino_small_chamber_without_monster, serial_bayou_shore_b
Gauntlet: minmay_gauntlet_77_indecision
          [minmay_gauntlet_arena_77_terracotta_army,
          minmay_gauntlet_arena_77_shame_cube,
          minmay_gauntlet_arena_77_block_sizes,
          minmay_gauntlet_arena_77_tiled_triplets,
          minmay_gauntlet_arena_77_cramped, minmay_gauntlet_arena_77_p_blocks,
          gauntlet_exit_watery]

Skill      XL: |  1  2  3  4  5  6  7  8  9 10 11 12 |
---------------+-------------------------------------+-----
Spellcasting   | 3 4 5 6 7 9 10 12 14 | 14.8
Stealth        | 2 |  2.0
Dodging        | 3 4 5 |  5.7
Axes           | 1 |  1.7
Fighting       | 1 2 3 |  3.8
Armour         | 1 |  1.5
Long Blades    | 3 5 |  5.8
Evocations     | 1 2 |  2.0
Ranged Weapons | 1 |  1.4
Maces & Flails | |  0.6

Action                     |  1- 3 |  4- 6 |  7- 9 | 10-12 | 13-15 || total
---------------------------+-------+-------+-------+-------+-------++-------
  Melee: Club              |     7 |       |       |       |       ||     7
         Dagger            |     5 |       |       |       |       ||     5
         Short sword       |     2 |       |       |       |       ||     2
         Hand axe          |       |    17 |     6 |       |       ||    23
         Whip              |       |       |    22 |       |       ||    22
         Long sword        |       |       |    52 |    93 |    10 ||   155
         Punch             |       |       |     1 |     2 |       ||     3
   Fire: Shortbow          |       |       |     3 |       |       ||     3
         Arbalest          |       |       |       |    12 |       ||    12
   Cast: Sting             |    49 |    41 |    64 |    62 |    11 ||   227
         Poisonous Vapours |    15 |    23 |    33 |    41 |     4 ||   116
         Magic Dart        |     8 |    16 |    28 |     8 |       ||    60
         Olgreb's Toxic Ra |       |     1 |       |    11 |     2 ||    14
         Mephitic Cloud    |       |     1 |     3 |    13 |     2 ||    19
         Static Discharge  |       |     2 |     9 |       |       ||    11
         Call Canine Famil |       |       |     7 |    19 |     3 ||    29
         Lee's Rapid Decon |       |       |       |    62 |    23 ||    85
 Invoke: Reject Sacrifices |       |     1 |     1 |       |       ||     2
    Use: Scroll            |       |       |       |       |     1 ||     1
   Stab: Sleeping          |       |     3 |     3 |       |       ||     6
         Confused          |       |       |     1 |     2 |       ||     3
         Distracted        |       |       |       |     1 |       ||     1
 Armour: Robe              |    10 |    13 |     2 |       |       ||    25
         Steam dragon scal |       |       |    20 |    28 |     5 ||    53
         Leather armour    |       |       |     2 |       |       ||     2
  Dodge: Dodged            |    44 |    18 |   112 |   120 |    26 ||   320
  Block: Other             |       |       |       |       |     1 ||     1
